| TOP OF THE 1ST |
|
Mazatlan Playas batting - Pitching for Managua Lagoon Monsters : RHP Danny Ruiz
|
|
Pitching: RHP Danny Ruiz
|
|
|
Batting: RHB Dave Stegman
|
0-0: Called Strike 0-1: Foul Ball, location: 2F 0-2: Ball 1-2: Ball 2-2: SINGLE (Flyball, 56D, EV 91.9 MPH)
|
|
Batting: SHB Howard Johnson
|
0-0: Called Strike 0-1: Ball 1-1: Ball 2-1: Fielders Choice at 2nd, 4-6 (Groundball, 4, EV 86.9 MPH)
|
|
Batting: LHB Leon Durham
|
0-0: Ball 1-0: Called Strike 1-1: Ball 2-1: Ball 3-1: Fly out, F7 (Flyball, 7S, EV 80.0 MPH)
|
|
Batting: RHB Mike Fuentes
|
0-0: Called Strike 0-1: Swinging Strike 0-2: Ball 1-2: Strikes out swinging
|
| Top of the 1st over - 0 runs, 1 hit, 0 errors, 1 left on base; Mazatlan 0 - Managua 0 |
| BOTTOM OF THE 1ST |
|
Managua Lagoon Monsters batting - Pitching for Mazatlan Playas : RHP Fernando Amaya
|
|
Pitching: RHP Fernando Amaya
|
|
|
Batting: LHB John Elway
|
0-0: Called Strike 0-1: Ball 1-1: Ball 2-1: Ball 3-1: Foul Ball, location: 2F 3-2: Base on Balls
|
|
Batting: RHB Ivan Calderon
|
0-0: Ball 1-0: SINGLE (Flyball, 3D, EV 85.6 MPH) John Elway to second Runner from 2nd tries for 3rd, SAFE, no throw by RF
|
|
Batting: LHB Willie Gonzalez
|
0-0: Foul Ball, location: 2F Balk! John Elway scores Ivan Calderon to second 0-1: Ball 1-1: Ball 2-1: Fly out, F7 (Flyball, 7S, EV 88.1 MPH)
|
|
Batting: RHB Randy Ready
|
0-0: Ground out 6-3 (Groundball, 6, EV 104.4 MPH)
|
|
Batting: LHB Dan Pasqua
|
0-0: Ball 1-0: Ball 2-0: Fly out, F4 (Flyball, 34D, EV 81.9 MPH)
|
| Bottom of the 1st over - 1 run, 1 hit, 0 errors, 1 left on base; Mazatlan 0 - Managua 1 |
| TOP OF THE 2ND |
|
Mazatlan Playas batting - Pitching for Managua Lagoon Monsters : RHP Danny Ruiz
|
|
Batting: LHB Mike Greenwell
|
0-0: Called Strike 0-1: Ball 1-1: Foul Ball, location: 2F 1-2: Ball 2-2: Strikes out swinging
|
|
Batting: RHB Kevin Mitchell
|
0-0: Ball 1-0: SINGLE (Flyball, 8RS, EV 83.8 MPH)
|
|
Batting: LHB Matt Winters
|
0-0: Foul Ball, location: 2F 0-1: Foul Ball, location: 2F 0-2: Foul Ball, location: 2F 0-2: Strikes out swinging
|
|
Batting: LHB Daryl Boston
|
0-0: Foul Ball, location: 2F 0-1: Ball 1-1: SINGLE (Groundball, 5L, EV 95.6 MPH) Kevin Mitchell to second
|
|
Batting: SHB Donnie Scott
|
0-0: Called Strike 0-1: Foul Ball, location: 2F 0-2: Ball 1-2: Strikes out swinging
|
| Top of the 2nd over - 0 runs, 2 hits, 0 errors, 2 left on base; Mazatlan 0 - Managua 1 |
| BOTTOM OF THE 2ND |
|
Managua Lagoon Monsters batting - Pitching for Mazatlan Playas : RHP Fernando Amaya
|
|
Batting: RHB Ed Hearn
|
0-0: Called Strike 0-1: Swinging Strike 0-2: Ball 1-2: Foul Ball, location: 2F 1-2: Ball 2-2: Foul Ball, location: 2F 2-2: Foul Ball, location: 2F 2-2: Foul Ball, location: 2F 2-2: Strikes out looking
|
|
Batting: LHB Lee Pruitt
|
0-0: Called Strike 0-1: Swinging Strike 0-2: SINGLE (Line Drive, 9S, EV 97.5 MPH)
|
|
Batting: LHB Gary Varsho
|
0-0: Ball 1-0: Swinging Strike 1-1: Called Strike 1-2: Foul Ball, location: 2F 1-2: Foul Ball, location: 2F 1-2: Strikes out swinging
|
|
Batting: LHB Matt Nokes
|
0-0: Ball 1-0: Ball Pickoff Throw to First - Error! E1 Lee Pruitt to second 2-0: Ball 3-0: Called Strike 3-1: SINGLE (Line Drive, 78M, EV 89.4 MPH) Lee Pruitt to third Runner from 3rd tries for Home, SAFE, throw by LF to home
|
|
Batting: LHB John Elway
|
0-0: Ball 1-0: Ball 2-0: Ball 3-0: Base on Balls Matt Nokes to second
|
|
Batting: RHB Ivan Calderon
|
0-0: Ball 1-0: Ball 2-0: Called Strike 2-1: Ball 3-1: Swinging Strike 3-2: Foul Ball, location: 2F 3-2: Foul Ball, location: 2F 3-2: Base on Balls Matt Nokes to third John Elway to second
|
|
Batting: LHB Willie Gonzalez
|
0-0: Ball 1-0: Ball 2-0: Ball 3-0: Called Strike 3-1: Base on Balls Matt Nokes scores John Elway to third Ivan Calderon to second
|
|
Batting: RHB Randy Ready
|
0-0: Ball 1-0: Ball 2-0: Ball 3-0: Foul Ball, location: 2F 3-1: Base on Balls John Elway scores Ivan Calderon to third Willie Gonzalez to second
|
|
Batting: LHB Dan Pasqua
|
0-0: Ball 1-0: Ball 2-0: Ball 3-0: Called Strike 3-1: Base on Balls Ivan Calderon scores Willie Gonzalez to third Randy Ready to second
|
|
Pitching: RHP Juan Cardona
|
|
|
Batting: RHB Ed Hearn
|
0-0: Fly out, F7 (Line Drive, 7D, EV 89.4 MPH)
|
| Bottom of the 2nd over - 4 runs, 2 hits, 1 error, 3 left on base; Mazatlan 0 - Managua 5 |
| TOP OF THE 3RD |
|
Mazatlan Playas batting - Pitching for Managua Lagoon Monsters : RHP Danny Ruiz
|
|
Batting: RHB Dave Stegman
|
0-0: Ball 1-0: Ball 2-0: Called Strike 2-1: Ball 3-1: Called Strike 3-2: Fly out, F6 (Line Drive, 6, EV 67.5 MPH)
|
|
Batting: SHB Howard Johnson
|
0-0: Foul Ball, location: 2F 0-1: Ball 1-1: Foul Ball, location: 2F 1-2: Foul Ball, location: 2F 1-2: Ball 2-2: Foul Ball, location: 2F 2-2: SINGLE (Line Drive, 6M, EV 96.3 MPH)
|
|
Batting: LHB Leon Durham
|
0-0: Fly out, F1 (Line Drive, P, EV 65.6 MPH)
|
|
Batting: RHB Mike Fuentes
|
0-0: Ball 1-0: Ball 2-0: SINGLE (Groundball, 56, EV 102.5 MPH) Howard Johnson to second
|
|
Batting: LHB Mike Greenwell
|
0-0: SINGLE (Groundball, 5D, EV 95.0 MPH) Howard Johnson to third Mike Fuentes to second Runner from 3rd tries for Home, SAFE, throw by LF to home
|
|
Batting: RHB Kevin Mitchell
|
0-0: Foul Ball, location: 2F 0-1: Ball 1-1: Foul Ball, location: 2F 1-2: Ground out 4-3 (Groundball, 4, EV 86.3 MPH)
|
| Top of the 3rd over - 1 run, 3 hits, 0 errors, 2 left on base; Mazatlan 1 - Managua 5 |
| BOTTOM OF THE 3RD |
|
Managua Lagoon Monsters batting - Pitching for Mazatlan Playas : RHP Juan Cardona
|
|
Batting: LHB Lee Pruitt
|
0-0: Ball 1-0: Ball 2-0: Ball 3-0: Called Strike 3-1: Base on Balls
|
|
Batting: LHB Gary Varsho
|
0-0: Ball 1-0: SINGLE (Groundball, 23, EV 68.1 MPH) (infield hit) Lee Pruitt to second
|
|
Batting: LHB Matt Nokes
|
0-0: Ball 1-0: Grounds into double play, 1-6-3 (Groundball, 13S, EV 65.0 MPH) Lee Pruitt to third
|
|
Batting: LHB John Elway
|
0-0: Ball 1-0: Swinging Strike 1-1: Called Strike 1-2: Ball 2-2: SINGLE (Line Drive, 34, EV 100.0 MPH) Lee Pruitt scores
|
|
Batting: RHB Ivan Calderon
|
0-0: Ball 1-0: Called Strike 1-1: Foul Ball, location: 2F 1-2: Foul Ball, location: 2F 1-2: Ball John Elway steals 2nd base 2-2: Ball 3-2: Foul Ball, location: 2F 3-2: Foul Ball, location: 2F 3-2: Fly out, F8 (Flyball, 78D, EV 97.5 MPH)
|
| Bottom of the 3rd over - 1 run, 2 hits, 0 errors, 1 left on base; Mazatlan 1 - Managua 6 |
| TOP OF THE 4TH |
|
Mazatlan Playas batting - Pitching for Managua Lagoon Monsters : RHP Danny Ruiz
|
|
Batting: LHB Matt Winters
|
0-0: Called Strike 0-1: Foul Ball, location: 2F 0-2: Ball 1-2: Strikes out looking
|
|
Batting: LHB Daryl Boston
|
0-0: Fly out, F7 (Flyball, 78S, EV 80.6 MPH)
|
|
Batting: SHB Donnie Scott
|
0-0: Called Strike 0-1: Swinging Strike 0-2: Strikes out swinging
|
| Top of the 4th over - 0 runs, 0 hits, 0 errors, 0 left on base; Mazatlan 1 - Managua 6 |
| BOTTOM OF THE 4TH |
|
Managua Lagoon Monsters batting - Pitching for Mazatlan Playas : RHP Juan Cardona
|
|
Batting: LHB Willie Gonzalez
|
0-0: Ball 1-0: Ball 2-0: Ball 3-0: Base on Balls
|
|
Batting: RHB Randy Ready
|
0-0: Ball 1-0: Called Strike 1-1: Ball 2-1: Ball 3-1: Swinging Strike 3-2: Fly out, F9 (Flyball, 89D, EV 102.5 MPH)
|
|
Batting: LHB Dan Pasqua
|
0-0: Ball 1-0: Swinging Strike 1-1: Foul Ball, location: 2F 1-2: Reached on error, E3 (Groundball, 3, EV 91.9 MPH) Willie Gonzalez to second
|
|
Batting: RHB Ed Hearn
|
0-0: Called Strike 0-1: Ball 1-1: Grounds into double play, 4-6-3 (Groundball, 34, EV 105.6 MPH)
|
| Bottom of the 4th over - 0 runs, 0 hits, 1 error, 1 left on base; Mazatlan 1 - Managua 6 |
| TOP OF THE 5TH |
|
Mazatlan Playas batting - Pitching for Managua Lagoon Monsters : RHP Danny Ruiz
|
|
Batting: RHB Dave Stegman
|
0-0: Ball 1-0: Ground out 5-3 (Groundball, 56S, EV 62.5 MPH)
|
|
Batting: SHB Howard Johnson
|
0-0: Foul Ball, location: 2F 0-1: Called Strike 0-2: Foul Ball, location: 2F 0-2: Ball 1-2: Ball 2-2: Fly out, F7 (Flyball, 7, EV 96.9 MPH)
|
|
Batting: LHB Leon Durham
|
0-0: Ball 1-0: Ball 2-0: Called Strike 2-1: Ball 3-1: Base on Balls
|
|
Batting: RHB Mike Fuentes
|
0-0: Ball 1-0: Ball 2-0: Foul Ball, location: 2F 2-1: Foul Ball, location: 2F 2-2: Ball 3-2: Foul Ball, location: 2F 3-2: Base on Balls Leon Durham to second
|
|
Batting: LHB Mike Greenwell
|
0-0: Fly out, F8 (Flyball, 89D, EV 100.6 MPH)
|
| Top of the 5th over - 0 runs, 0 hits, 0 errors, 2 left on base; Mazatlan 1 - Managua 6 |
| BOTTOM OF THE 5TH |
|
Managua Lagoon Monsters batting - Pitching for Mazatlan Playas : RHP Juan Cardona
|
|
Batting: LHB Lee Pruitt
|
0-0: Ball 1-0: Called Strike 1-1: Fly out, F5 (Popup, 5SF, EV 82.5 MPH)
|
|
Batting: LHB Gary Varsho
|
0-0: Called Strike 0-1: Ball 1-1: Ball 2-1: Fly out, F7 (Line Drive, 7, EV 92.5 MPH)
|
|
Batting: LHB Matt Nokes
|
0-0: Ball 1-0: Foul Ball, location: 2F 1-1: Fly out, F8 (Flyball, 8RM, EV 91.3 MPH)
|
| Bottom of the 5th over - 0 runs, 0 hits, 0 errors, 0 left on base; Mazatlan 1 - Managua 6 |
| TOP OF THE 6TH |
|
Mazatlan Playas batting - Pitching for Managua Lagoon Monsters : RHP Danny Ruiz
|
|
Batting: RHB Kevin Mitchell
|
0-0: Fly out, F7 (Flyball, 7LM, EV 98.8 MPH)
|
|
Batting: LHB Matt Winters
|
0-0: Ball 1-0: Ball 2-0: Ball 3-0: Called Strike 3-1: Called Strike 3-2: Base on Balls
|
|
Batting: LHB Daryl Boston
|
0-0: Ball 1-0: Foul Ball, location: 2F 1-1: Called Strike Matt Winters steals 2nd base 1-2: Fly out, F8 (Flyball, 78S, EV 86.9 MPH)
|
|
Batting: SHB Donnie Scott
|
0-0: Called Strike 0-1: Ground out 6-3 (Groundball, P, EV 83.1 MPH)
|
| Top of the 6th over - 0 runs, 0 hits, 0 errors, 1 left on base; Mazatlan 1 - Managua 6 |
| BOTTOM OF THE 6TH |
|
Managua Lagoon Monsters batting - Pitching for Mazatlan Playas : RHP Juan Cardona
|
|
Batting: LHB John Elway
|
0-0: Called Strike 0-1: Ball 1-1: Swinging Strike 1-2: Foul Ball, location: 2F 1-2: Strikes out swinging, 2-3 out at first.
|
|
Batting: RHB Ivan Calderon
|
0-0: Ground out 6-3 (Groundball, 6M, EV 95.0 MPH)
|
|
Batting: LHB Willie Gonzalez
|
0-0: Ball 1-0: Ball 2-0: Ball 3-0: Base on Balls
|
|
Batting: RHB Randy Ready
|
0-0: Called Strike 0-1: Fly out, F9 (Flyball, 9, EV 81.3 MPH)
|
| Bottom of the 6th over - 0 runs, 0 hits, 0 errors, 1 left on base; Mazatlan 1 - Managua 6 |
| TOP OF THE 7TH |
|
Mazatlan Playas batting - Pitching for Managua Lagoon Monsters : RHP Danny Ruiz
|
|
Batting: RHB Dave Stegman
|
0-0: Swinging Strike 0-1: Foul Ball, location: 2F 0-2: Ball 1-2: Ball 2-2: Foul Ball, location: 2F 2-2: Ground out 5-3 (Groundball, 5, EV 82.5 MPH)
|
|
Batting: SHB Howard Johnson
|
0-0: Ball 1-0: Ball 2-0: Called Strike 2-1: Ball 3-1: Fly out, F7 (Line Drive, 7D, EV 97.5 MPH)
|
|
Batting: LHB Leon Durham
|
0-0: Called Strike 0-1: Fly out, F7 (Flyball, 78S, EV 81.3 MPH)
|
| Top of the 7th over - 0 runs, 0 hits, 0 errors, 0 left on base; Mazatlan 1 - Managua 6 |
| BOTTOM OF THE 7TH |
|
Managua Lagoon Monsters batting - Pitching for Mazatlan Playas : RHP Juan Cardona
|
|
Batting: LHB Dan Pasqua
|
0-0: Ball 1-0: DOUBLE (Flyball, 7LD, EV 101.3 MPH)
|
|
Pitching: RHP Alan Fowlkes
|
|
|
Batting: RHB Ed Hearn
|
0-0: Fly out, F7 (Flyball, 7S, EV 94.4 MPH)
|
|
Batting: LHB Lee Pruitt
|
0-0: Ball Wild Pitch! Dan Pasqua to third 1-0: Called Strike 1-1: Ball 2-1: Ball 3-1: Fly out, F7 (Flyball, 7S, EV 91.9 MPH)
|
|
Batting: LHB Gary Varsho
|
0-0: Ball 1-0: Foul Ball, location: 2F 1-1: Ball 2-1: Foul Ball, location: 2F 2-2: Foul Ball, location: 2F 2-2: Foul Ball, location: 2F 2-2: Foul Ball, location: 2F 2-2: Ball 3-2: Ground out 5-3 (Groundball, 56S, EV 71.3 MPH)
|
| Bottom of the 7th over - 0 runs, 1 hit, 0 errors, 1 left on base; Mazatlan 1 - Managua 6 |
| TOP OF THE 8TH |
|
Mazatlan Playas batting - Pitching for Managua Lagoon Monsters : RHP Danny Ruiz
|
|
Batting: RHB Mike Fuentes
|
0-0: Swinging Strike 0-1: Foul Ball, location: 2F 0-2: DOUBLE (Flyball, 78XD, EV 104.4 MPH)
|
|
Batting: LHB Mike Greenwell
|
0-0: Ball 1-0: Ball 2-0: SINGLE (Line Drive, 5D, EV 107.5 MPH) Mike Fuentes to third Runner from 3rd tries for Home, SAFE, throw by LF to home
|
|
Batting: RHB Kevin Mitchell
|
0-0: Ball 1-0: Ball 2-0: Ball 3-0: Called Strike 3-1: Base on Balls Mike Greenwell to second
|
|
Batting: LHB Matt Winters
|
0-0: Ball 1-0: Foul Ball, location: 2F 1-1: Ball 2-1: Reached on error, E5 (Groundball, 5, EV 86.3 MPH) Mike Greenwell to third Kevin Mitchell to second
|
|
Batting: LHB Daryl Boston
|
0-0: Ball Wild Pitch! Mike Greenwell scores Kevin Mitchell to third Matt Winters to second 1-0: Ball 2-0: Called Strike 2-1: Fly out, F8 (Flyball, 8RXD, EV 96.3 MPH) Runner from 3rd tags up, SCORES, no throw by CF Matt Winters to third
|
|
Batting: SHB Donnie Scott
|
0-0: Ball 1-0: Ball 2-0: Called Strike 2-1: Fly out, F7 (Flyball, 7, EV 97.5 MPH) Runner from 3rd tags up, SCORES, no throw by LF
|
|
Pitching: LHP Jim Umbarger
|
|
|
Batting: RHB Dave Stegman
|
0-0: Called Strike 0-1: Ball 1-1: Ball 2-1: Called Strike 2-2: Strikes out swinging
|
| Top of the 8th over - 4 runs, 2 hits, 1 error, 0 left on base; Mazatlan 5 - Managua 6 |
| BOTTOM OF THE 8TH |
|
Managua Lagoon Monsters batting - Pitching for Mazatlan Playas : RHP Alan Fowlkes
|
|
Batting: LHB Matt Nokes
|
0-0: Foul Ball, location: 2F 0-1: SINGLE (Flyball, 89M, EV 83.8 MPH)
|
|
Batting: LHB John Elway
|
0-0: Ground out 5-3 (Groundball, 56S, EV 75.0 MPH) Matt Nokes to second
|
|
Batting: RHB Ivan Calderon
|
0-0: Ball 1-0: Called Strike 1-1: Swinging Strike 1-2: Strikes out looking
|
|
Batting: LHB Willie Gonzalez
|
0-0: Called Strike 0-1: Foul Ball, location: 2F 0-2: Ball 1-2: Strikes out swinging
|
| Bottom of the 8th over - 0 runs, 1 hit, 0 errors, 1 left on base; Mazatlan 5 - Managua 6 |
| TOP OF THE 9TH |
|
Mazatlan Playas batting - Pitching for Managua Lagoon Monsters : LHP Jim Umbarger
|
|
Pitching: RHP Tom Niedenfuer
|
|
|
Now at SS: Tom Lombarski
|
|
|
Now in LF: Mark Carreon
|
|
|
Batting: SHB Howard Johnson
|
0-0: Ball 1-0: Ball 2-0: Swinging Strike 2-1: Foul Ball, location: 2F 2-2: Ball 3-2: Strikes out swinging
|
|
Batting: LHB Leon Durham
|
0-0: Called Strike 0-1: Foul Ball, location: 2F 0-2: Foul Ball, location: 2F 0-2: Ball 1-2: Fly out, F7 (Flyball, 7, EV 91.3 MPH)
|
|
Batting: RHB Mike Fuentes
|
0-0: Called Strike 0-1: Foul Ball, location: 2F 0-2: Foul Ball, location: 2F 0-2: Fly out, F9 (Flyball, 89XD, EV 96.9 MPH)
|
| Top of the 9th over - 0 runs, 0 hits, 0 errors, 0 left on base; Mazatlan 5 - Managua 6 |
|